Map: Deathaura LE

Players

Reynor

  • Race: Zerg Zerg
  • League: Master
  • Spawn Location: 11:00

LiquidClem (Clem) - Winner!

  • Race: Terran Terran
  • League: Grandmaster
  • Spawn Location: 5:00

Event: DreamHack SC2 Masters 2020 Winter

VOD

Have the link to the VOD?

Description

Time

  • Played on: Nov. 14, 2020, 1:01 p.m.
  • Length: 13:53

All games in this series

Show
View Real Time Build Order
Export as new Build Order

Reynor Zerg 

Build Orders: Hatch First, Lurkers 

Get SALT Encoding   

  12  0:00  Drone  
  13  0:11  Overlord  
  13  0:16  Drone  
  14  0:30  Drone x2  
  16  0:46  Hatchery  
  15  0:50  Drone  
  15  0:54  Drone  
  17  0:57  Drone  
  18  1:08  Extractor  
  17  1:12  Spawning Pool  
  17  1:15  Drone  
  17  1:18  Drone  
  18  1:27  Drone  
  19  1:38  Drone  
  20  1:48  Overlord  
  20  1:59  Queen x2  
  20  2:00  Zergling x4  
  26  2:09  Drone  
  26  2:10  Drone  
  26  2:11  Metabolic Boost  
  28  2:20  Drone  
  28  2:21  Drone  
  30  2:31  Drone x2  
  30  2:36  Queen  
  34  2:42  Overlord, Drone  
  35  2:52  Pneumatized Carapace  
  35  2:53  Drone  
  35  3:01  Drone  
  35  3:05  Drone  
  37  3:06  Drone  
  37  3:07  Hatchery  
  37  3:10  Drone  
  38  3:16  Drone x2  
  38  3:18  Overlord  
  40  3:20  Drone  
  40  3:24  Drone  
  42  3:29  Drone  
  43  3:36  Queen, Drone  
  46  3:42  Zergling x2  
  46  3:43  Zergling x6  
  46  3:45  Drone  
  51  3:53  Overlord  
  51  3:58  Overlord  
  51  4:05  Overlord  
  51  4:12  Drone  
  51  4:14  Drone  
  51  4:15  Drone x3  
  56  4:17  Spore Crawler, Queen  
  56  4:18  Queen, Extractor  
  56  4:19  Zergling x6  
  56  4:22  Drone x2  
  63  4:24  Spore Crawler  
  63  4:26  Drone  
  63  4:32  Zergling x4  
  63  4:33  Evolution Chamber  
  63  4:35  Evolution Chamber  
  63  4:36  Drone  
  64  4:40  Drone  
  64  4:43  Drone  
  66  4:48  Drone x4  
  66  4:52  Overlord  
  70  4:55  Drone  
  71  5:03  Drone x4  
  71  5:04  Drone x3  
  71  5:06  Drone  
  76  5:07  Zerg Ground Armor Level 1  
  76  5:08  Zerg Melee Weapons Level 1  
  76  5:09  Drone  
  75  5:14  Drone  
  75  5:19  Lair, Drone x2  
  78  5:23  Spore Crawler  
  78  5:26  Hatchery, Drone  
  77  5:29  Drone x2  
  77  5:33  Baneling Nest  
  78  5:36  Drone  
  78  5:39  Drone x4  
  78  5:40  Drone  
  78  5:42  Drone x2, Extractor  
  85  5:44  Extractor  
  85  5:47  Drone  
  85  5:49  Overlord  
  85  5:50  Drone x2  
  85  5:52  Zergling x4  
  89  6:01  Zergling x2  
  90  6:05  Overlord, Extractor  
  90  6:06  Extractor  
  90  6:09  Drone x6  
  90  6:10  Drone x2  
  96  6:14  Overlord  
  96  6:16  Drone  
  96  6:18  Drone  
  98  6:20  Hydralisk Den, Centrifical Hooks  
  98  6:21  Overlord  
  98  6:23  Zergling x4  
  98  6:25  Zergling x2  
  100  6:26  Zergling x2  
  101  6:33  Zergling x2  
  101  6:37  Zergling x4  
  101  6:38  Overlord  
  101  6:39  Queen  
  104  6:40  Drone x3  
  104  6:43  Zergling x4  
  104  6:44  Zergling x4  
  104  6:46  Drone  
  114  6:47  Infestation Pit, Baneling x2  
  114  6:48  Zergling x6, Baneling x3  
  114  6:50  Overlord  
  114  6:52  Zergling x2  
  117  6:57  Zergling x2  
  117  6:59  Drone  
  117  7:00  Lurker Den  
  118  7:02  Zerg Ground Armor Level 2  
  118  7:03  Zerg Melee Weapons Level 2  
  118  7:04  Zergling x4  
  118  7:07  Zergling x8  
  124  7:11  Overlord  
  124  7:12  Zergling x10  
  130  7:15  Zergling x6  
  130  7:19  Overlord  
  130  7:21  Hatchery  
  131  7:23  Baneling x3  
  131  7:25  Zergling x6  
  134  7:30  Zergling x2  
  134  7:33  Zergling x4  
  134  7:36  Zergling x2  
  134  7:38  Baneling x2  
  134  7:39  Baneling x3  
  134  7:42  Zergling x16  
  140  7:46  Baneling x4  
  140  7:49  Zergling x10  
  137  7:56  Hydralisk  
  137  7:57  Zergling x2  
  127  7:59  Hydralisk  
  127  8:00  Zergling x2  
  127  8:01  Hive  
  127  8:02  Queen  
  127  8:04  Hydralisk  
  133  8:09  Spawning Pool  
  133  8:10  Overlord, Hydralisk x2  
  133  8:12  Hydralisk x3  
  135  8:13  Hydralisk  
  135  8:14  Drone  
  135  8:15  Hydralisk x3  
  135  8:17  Overlord  
  143  8:22  Overlord  
  143  8:23  Baneling x6  
  143  8:27  Overlord  
  139  8:35  Lurker x3  
  130  8:41  Baneling x4  
  130  8:43  Lurker x2  
  126  8:55  Drone x8  
  124  8:58  Lurker  
  124  8:59  Lurker x2  
  124  9:00  Zergling x8  
  132  9:03  Queen  
  132  9:07  Zergling x2, Hydralisk  
  134  9:11  Hydralisk x2  
  134  9:15  Zergling x6  
  134  9:16  Zergling x2  
  141  9:18  Hydralisk  
  141  9:21  Hydralisk  
  132  9:26  Hydralisk  
  132  9:27  Zergling x6  
  132  9:32  Drone x4  
  132  9:33  Drone  
  132  9:35  Extractor x2  
  132  9:38  Queen  
  135  9:39  Drone  
  135  9:41  Hydralisk  
  135  9:42  Zergling x2  
  135  9:43  Adaptive Talons  
  135  9:44  Zergling x2  
  135  9:45  Lurker  
  143  9:46  Hatchery, Baneling x2  
  143  9:50  Overlord x2  
  143  9:55  Overlord  
  143  9:57  Hatchery  
  143  9:59  Overlord  
  141  10:11  Viper x2  
  141  10:13  Zergling x18  
  153  10:16  Hydralisk  
  153  10:20  Hydralisk  
  150  10:21  Queen  
  150  10:24  Hydralisk  
  150  10:25  Zergling x2  
  150  10:27  Hydralisk  
  153  10:29  Queen  
  153  10:31  Hydralisk  
  152  10:36  Zergling x2, Hydralisk  
  152  10:37  Hydralisk  
  152  10:41  Baneling  
  152  10:42  Baneling x4  
  151  10:43  Zergling x2, Hydralisk  
  151  10:49  Hydralisk  
  148  10:50  Zergling x8  
  148  10:54  Lurker  
  148  10:56  Zergling x4  
  144  10:57  Queen  
  144  10:58  Zergling x2  
  144  11:02  Zergling x4, Hydralisk  
  144  11:03  Zergling x8  
  153  11:07  Overlord  
  153  11:09  Zergling x2  
  153  11:10  Zergling x2  
  156  11:12  Zergling x4, Hydralisk  
  156  11:16  Lurker x3  
  162  11:19  Drone x3  
  162  11:23  Drone  
  162  11:24  Drone  
  166  11:26  Lurker  
  166  11:30  Zergling x8  
  167  11:34  Extractor  
  167  11:36  Hydralisk  
  167  11:37  Zergling x16  
  163  11:40  Hydralisk  
  163  11:41  Hydralisk  
  163  11:43  Drone x2  
  163  11:44  Queen, Seismic Spines  
  163  11:45  Hydralisk  
  170  11:50  Hydralisk  
  170  11:53  Overlord x3  
  172  11:56  Zergling x2  
  172  12:00  Overlord  
  173  12:11  Hydralisk  
  173  12:12  Zergling x16  
  173  12:13  Hydralisk  
  173  12:14  Zergling x4  
  158  12:16  Hydralisk  
  158  12:17  Queen x2  
  158  12:19  Zergling x6  
  158  12:20  Hydralisk  
  142  12:23  Hydralisk x2  
  142  12:24  Zergling x2  
  142  12:25  Hydralisk  
  142  12:27  Zergling x6  
  139  12:30  Hydralisk  
  139  12:31  Zergling x2, Hydralisk  
  139  12:34  Hydralisk  
  139  12:35  Zergling x6  
  139  12:37  Hydralisk, Baneling x4  
  134  12:38  Zergling x4  
  134  12:41  Queen  
  134  12:43  Hydralisk x4, Lurker x2  
  131  12:45  Hydralisk  
  131  12:50  Zergling x6  
  116  12:55  Hydralisk  
  116  12:56  Zergling x2  
  116  12:57  Zergling x6  
  106  12:58  Baneling x3  
  106  13:00  Zergling x4, Lurker x4  
  106  13:01  Zergling x6  
  107  13:09  Zergling x4, Hydralisk  
  107  13:11  Lurker  
  107  13:12  Hydralisk, Lurker  
  101  13:18  Hydralisk  
  98  13:20  Hydralisk x2  
  98  13:25  Hydralisk x3  
  91  13:28  Hydralisk  
  84  13:35  Lurker x2  
  84  13:36  Lurker  
Show
View Real Time Build Order
Export as new Build Order

LiquidClem Terran - Winner!

Build Orders: Liberator Opening, Reaper Expand 

Get SALT Encoding   

  12  0:00  SCV  
  13  0:12  SCV  
  14  0:16  Supply Depot  
  14  0:24  SCV  
  15  0:38  SCV  
  15  0:39  Barracks  
  16  0:44  Refinery  
  16  0:50  SCV  
  17  1:02  SCV  
  18  1:14  SCV  
  19  1:26  Reaper, Orbital Command  
  20  1:39  Command Center  
  20  1:46  Supply Depot  
  20  1:52  SCV  
  21  1:58  Marine  
  22  2:04  SCV  
  23  2:10  Factory  
  23  2:16  SCV  
  23  2:20  Barracks Reactor  
  24  2:28  SCV  
  25  2:39  Command Center  
  25  2:41  SCV  
  26  2:53  Orbital Command  
  26  2:56  SCV  
  27  2:58  Starport  
  27  3:03  Refinery  
  27  3:08  SCV  
  27  3:09  Hellion  
  30  3:13  Hellion  
  30  3:16  Marine  
  30  3:18  SCV  
  34  3:20  SCV  
  35  3:30  SCV, Hellion  
  35  3:33  SCV  
  39  3:35  Hellion  
  39  3:40  Liberator  
  44  3:45  Barracks Tech Lab  
  44  3:46  SCV x2  
  46  3:51  Orbital Command  
  46  3:53  Hellion  
  48  3:56  Hellion  
  48  3:58  SCV  
  48  3:59  SCV  
  52  4:04  Stimpack  
  52  4:09  Supply Depot  
  52  4:10  SCV  
  52  4:11  SCV  
  52  4:16  SCV  
  57  4:23  SCV, Marine  
  57  4:25  SCV  
  57  4:27  Bunker  
  57  4:28  Starport Reactor  
  57  4:29  Factory Tech Lab  
  57  4:30  Barracks  
  58  4:31  SCV  
  58  4:32  Barracks  
  58  4:34  Supply Depot  
  59  4:40  SCV x2  
  61  4:46  Engineering Bay x2  
  61  4:48  SCV, Marine  
  61  4:50  Refinery  
  63  4:53  Siege Tank  
  63  4:54  SCV  
  63  4:55  SCV  
  68  5:01  SCV  
  68  5:05  Marine  
  59  5:09  SCV  
  59  5:10  SCV  
  59  5:12  Terran Infantry Weapons Level 1  
  59  5:15  Starport Reactor  
  59  5:16  Refinery  
  59  5:19  SCV  
  60  5:22  Marine  
  60  5:23  Marine  
  60  5:24  Supply Depot, Barracks  
  60  5:25  Barracks  
  62  5:28  Orbital Command, Siege Tank  
  62  5:30  Marine x3  
  62  5:31  SCV  
  62  5:33  SCV  
  70  5:40  Marine  
  70  5:41  Marine  
  72  5:45  Terran Infantry Armor Level 1  
  72  5:48  Marine x2  
  72  5:49  Barracks  
  74  5:51  Barracks x2  
  74  5:53  Combat Shield  
  74  5:55  Marine  
  75  6:00  SCV x3, Marine  
  75  6:02  Marine  
  79  6:06  Marine  
  79  6:07  Marine  
  79  6:08  Supply Depot  
  79  6:10  Siege Tank  
  84  6:17  Supply Depot  
  84  6:19  Supply Depot  
  84  6:22  Armory  
  84  6:25  Marine  
  84  6:26  Barracks Reactor, Medivac, Marine  
  84  6:28  Barracks Reactor  
  84  6:29  Marine x2  
  84  6:30  SCV  
  84  6:32  SCV x2  
  93  6:36  Supply Depot x2  
  93  6:40  Marine x4  
  93  6:43  Siege Tank  
  93  6:44  Marine  
  103  6:49  Marine x3  
  103  6:52  Medivac  
  106  6:57  Marine  
  106  6:58  Marine x2  
  106  6:59  Supply Depot  
  106  7:00  Supply Depot, Marine  
  106  7:01  Medivac  
  112  7:02  Marine  
  112  7:03  Marine x2  
  112  7:04  Marine  
  116  7:08  Marine x3  
  116  7:10  Supply Depot  
  116  7:12  Marine  
  116  7:14  SCV x3  
  123  7:15  Marine  
  123  7:17  Terran Infantry Weapons Level 2  
  124  7:22  Marine  
  124  7:23  Marine x2  
  124  7:24  Supply Depot  
  124  7:26  Marine x2  
  124  7:27  Marine x2  
  131  7:32  Marine  
  131  7:36  Siege Tank  
  132  7:38  Marine x3  
  132  7:39  Marine  
  132  7:40  Marine x2  
  132  7:41  Marine  
  133  7:50  Marine  
  129  7:52  Marine  
  129  7:53  Marine  
  108  7:59  SCV x3, Marine x2  
  108  8:00  Marine x7  
  108  8:02  Medivac x2  
  121  8:06  Terran Infantry Armor Level 2  
  121  8:08  Marine  
  121  8:10  Marine  
  121  8:11  SCV  
  123  8:13  Marine  
  123  8:16  Siege Tank  
  123  8:17  Marine x3  
  123  8:18  Marine  
  131  8:20  SCV x2  
  131  8:22  Marine x2  
  135  8:33  Marine  
  136  8:38  Marine  
  136  8:39  Marine  
  137  8:44  Marine  
  137  8:45  Marine x3  
  137  8:46  SCV  
  142  8:48  Medivac, Siege Tank  
  124  8:57  Marine x3  
  124  8:59  Marine x5  
  124  9:02  Marine x3  
  124  9:03  Marine  
  124  9:09  SCV x2  
  130  9:10  SCV  
  130  9:13  Liberator  
  130  9:14  Marine  
  130  9:15  Marine x2  
  137  9:18  Marauder, Marine  
  137  9:19  Marine x2  
  137  9:22  Marine x2, Siege Tank  
  137  9:23  Medivac  
  132  9:27  SCV  
  132  9:28  Marine  
  132  9:29  Marine  
  126  9:35  Refinery, Marine  
  126  9:38  Barracks Tech Lab x2  
  126  9:39  Marauder, Marine x2, Barracks Tech Lab  
  126  9:44  Marine x2  
  132  9:50  Marine x3  
  135  9:52  Marine  
  135  9:53  Medivac  
  135  9:54  Siege Tank  
  135  9:57  Marauder  
  143  10:03  Marauder  
  144  10:07  Command Center  
  144  10:12  Marine  
  144  10:15  Marauder, Marine  
  144  10:18  Marauder, Marine  
  144  10:21  Marine  
  151  10:26  Medivac, Widow Mine  
  151  10:28  Supply Depot  
  153  10:30  Factory  
  153  10:34  Marauder x2  
  157  10:37  Marauder  
  157  10:40  Marauder  
  160  10:44  Supply Depot  
  160  10:45  Marine  
  160  10:47  Siege Tank  
  163  10:55  Marauder  
  163  10:56  Marauder  
  162  10:57  Marine x2  
  162  11:03  Marauder, Marine x2  
  164  11:09  Medivac  
  164  11:10  Marauder  
  165  11:17  Marine  
  165  11:18  Marauder  
  168  11:19  Siege Tank  
  168  11:22  Marauder, Marine x2  
  174  11:31  Marauder, Marine  
  175  11:34  Marauder  
  175  11:36  Marine  
  171  11:44  Medivac  
  171  11:45  Marauder, Marine x3  
  166  11:48  SCV x2  
  166  11:49  SCV  
  166  11:51  Siege Tank  
  172  11:56  Refinery  
  172  11:57  Marauder x2  
  172  12:01  Marine x2  
  176  12:02  SCV, Marauder  
  180  12:11  Marauder  
  180  12:14  Marine  
  169  12:18  Marauder  
  169  12:19  Marauder  
  161  12:23  Marauder  
  161  12:24  Siege Tank  
  161  12:27  Marine  
  139  12:30  Marine  
  139  12:32  Marauder  
  139  12:33  Marine x2  
  139  12:34  Marine x2  
  140  12:38  Marine  
  140  12:39  Marine  
  140  12:40  Marauder x2  
  146  12:44  Marine  
  146  12:45  Marine  
  146  12:46  Planetary Fortress  
  146  12:51  Marine  
  146  12:54  Marauder, Marine x2  
  146  12:56  Siege Tank  
  149  12:59  Marine x2  
  149  13:00  Refinery  
  149  13:01  Marauder x2  
  149  13:03  Marauder, Marine x2  
  155  13:05  Marine  
  155  13:12  Marine x2  
  155  13:15  Marauder  
  149  13:20  Marine x2  
  149  13:23  Marauder, Marine x2  
  149  13:27  Marauder, Marine  
  142  13:28  Marine  
  142  13:29  Marine  
  146  13:36  Factory Tech Lab  
Tags
 
Add a new tag
Caveats
  • Supply blocks, unpowered buildings, or Contaminate may cause inaccurate times.
  • Supply counts are checked every 10 seconds.